 Dungeon Crawl Stone Soup version 0.29.1-15-g9cfb28693d (webtiles) character file.

Game seed: 15969121601524220126

5931 Demos the Ducker (level 10, 0/77 HPs)
             Began as a Gnoll Arcane Marksman on May 1, 2023.
             Was an Elder of the Shining One.
             Slain by an ice beast (14 damage)
             ... summoned by an ice statue
             ... on level 8 of the Dungeon.
             The game lasted 00:33:27 (10722 turns).

Demos the Ducker (Gnoll Arcane Marksman)           Turns: 10722, Time: 00:33:27

Health: 0/77       AC:  7    Str: 17    XL:     10   Next: 83%
Magic:  19/19      EV: 17    Int: 16    God:    the Shining One [****..]
Gold:   444        SH:  5    Dex: 22    Spells: 9/22 levels left

rFire   . . .      SeeInvis .   y - +0 broad axe
rCold   . . .      Faith    .   (no shield)
rNeg    + + +      Spirit   .   B - +1 robe {rC+}
rPois   .          Reflect  +   h - +0 helmet
rElec   .          Harm     .   v - +0 cloak
rCorr   +          Rampage  .   (no gloves)
Will    .....                   l - +0 pair of boots
Stlth   ++........              g - amulet of reflection
HPRegen 0.22/turn               f - ring of Eqoy {rC- rN+ rCorr Str+7 Dex+3}
MPRegen 0.16/turn               F - +6 ring of dexterity

@: glowing
A: fangs 1, strong nose, distributed training
a: Renounce Religion, Divine Shield, Cleansing Flame


You were on level 8 of the Dungeon.
You worshipped the Shining One.
The Shining One was greatly pleased with you.
You visited 2 branches of the dungeon, and saw 9 of its levels.
You also visited: Ossuary.

You collected 444 gold pieces.

Inventory:

Hand Weapons
 a - a +1 sling
 y - a +0 broad axe (weapon)
Missiles
 j - 10 poisoned darts (quivered)
Armour
 h - a +0 helmet (worn)
 l - a +0 pair of boots (worn)
 m - a +0 chain mail
 v - a +0 cloak (worn)
 z - the +2 robe of Cowardice {rElec rF++ Int-5}
   (You found it on level 4 of the Dungeon)

   Int:       It affects your intelligence (-5).
   rF:        It greatly protects you from fire.
   rElec:     It insulates you from electricity.
 B - a +1 robe of cold resistance (worn)
Jewellery
 f - the ring of Eqoy (left hand) {rC- rN+ rCorr Str+7 Dex+3}
   (You found it on level 5 of the Dungeon)

   [ring of resist corrosion]

   Str:       It affects your strength (+7).
   Dex:       It affects your dexterity (+3).
   rC:        It makes you vulnerable to cold.
   rN:        It protects you from negative energy.
   rCorr:     It protects you from acid and corrosion.
 g - an amulet of reflection (around neck)
 i - an amulet of the acrobat
 A - a ring of fire
 F - a +6 ring of dexterity (right hand)
 H - a ring of protection from fire
Wands
 q - a wand of mindburst (2)
 E - a wand of flame (29)
 P - a wand of quicksilver (6)
Scrolls
 b - 5 scrolls of poison
 k - a scroll of enchant armour
 n - 5 scrolls of fear
 o - a scroll of magic mapping
 p - a scroll of teleportation
 C - a scroll of amnesia
 D - 2 scrolls of immolation
 G - 2 scrolls of vulnerability
 J - a scroll of summoning
 K - a scroll of blinking
 L - a scroll of enchant weapon
 O - 2 scrolls of fog {unknown}
 Q - a scroll of identify
Potions
 c - a potion of flight
 d - a potion of curing
 e - a potion of berserk rage {unknown}
 r - a potion of magic {unknown}
 s - a potion of mutation {unknown}
 t - 2 potions of degeneration {unknown}
 u - a potion of cancellation {unknown}
 w - a potion of ambrosia {unknown}
 x - 2 potions of heal wounds
 I - 2 potions of might
 M - a potion of brilliance {unknown}
 N - a potion of resistance {unknown}


   Skills:
 + Level 6.4 Fighting
 + Level 5.8 Short Blades
 + Level 5.8 Long Blades
 + Level 5.8 Axes
 + Level 5.8 Maces & Flails
 + Level 5.8 Polearms
 + Level 5.8 Staves
 + Level 7.5 Ranged Weapons
 + Level 5.8 Throwing
 + Level 5.8 Armour
 + Level 7.5 Dodging
 + Level 5.8 Stealth
 + Level 5.8 Shields
 + Level 5.8 Unarmed Combat
 + Level 6.5 Spellcasting
 + Level 4.8 Conjurations
 + Level 7.4 Hexes
 + Level 4.8 Summonings
 + Level 4.8 Necromancy
 + Level 4.8 Translocations
 + Level 4.8 Transmutations
 + Level 4.8 Fire Magic
 + Level 4.8 Ice Magic
 + Level 4.8 Air Magic
 + Level 4.8 Earth Magic
 + Level 4.8 Poison Magic
 + Level 6.4 Invocations
 + Level 5.8 Evocations


You had 9 spell levels left.
You knew the following spells:

 Your Spells              Type           Power      Damage    Failure   Level
a - Slow                  Hex            100%       N/A       1%          1
b - Portal Projectile     Hex/Tloc       48%        N/A       3%          3
c - Ensorcelled Hibernat  Hex/Ice        48%        N/A       1%          2
d - Inner Flame           Hex/Fire       24%        N/A       3%          3
e - Cause Fear            Hex            14%        N/A       6%          4

Your spell library contained the following spells:

 Spells                   Type           Power      Damage    Failure   Level
 Shock                    Conj/Air       80%        1d8       1%          1
 Sublimation of Blood     Necr           20%        N/A       2%          2
 Spider Form              Tmut/Pois      20%        N/A       5%          3
 Swiftness                Air            20%        N/A       5%          3
 Anguish                  Hex/Necr       12%        N/A       11%         4
 Fulminant Prism          Conj/Hex       12%        3d9       11%         4
 Airstrike                Air            10%        2d(2-18)  17%         4
 Iskenderun's Mystic Bla  Conj/Tloc      20%        2d6       17%         4
 Petrify                  Tmut/Erth      20%        N/A       17%         4
 Irradiate                Conj/Tmut      10%        3d15      43%         5
 Lee's Rapid Deconstruct  Erth           10%        3d9*      43%         5


Dungeon Overview and Level Annotations

Branches:
Dungeon (8/15)             Temple (1/1) D:4            Lair (0/5) D:8
Ossuary (visited)

Altars:
Ashenzari
Cheibriados
Dithmenos
Elyvilon
Fedhas
Gozag
Hepliaklqana
Kikubaaqudgha
Makhleb
Nemelex Xobeh
Okawaru
Qazlal
Ru
Sif Muna
Uskayaw
Vehumet
Wu Jian
Xom
Yredelemnul
Zin
The Shining One

Annotations:
D:8 exclusion: ice statue


Innate Abilities, Weirdness & Mutations

You have very sharp teeth.
Your uncanny sense of smell can sniff out nearby items.
Your experience applies equally to all skills.


Message History

The ice beast hits you but does no damage.
You completely miss the ice beast.
The ice beast is lightly wounded.
You barely miss the ice beast. The ice beast barely misses you.
The ice beast misses you.
The ice beast hits you but does no damage.
You barely miss the ice beast.
The ice beast is lightly wounded.
You hit the ice beast. The ice beast closely misses you. x2
You block the ice beast's attack.
You hit the ice beast but do no damage.
The ice beast is lightly wounded.
You barely miss the ice beast. You block the ice beast's attack.
The ice beast misses you.
You slash the ice beast!
You punch the ice beast, but do no damage.
The ice beast is heavily wounded.
You barely miss the ice beast. The ice beast misses you.
The ice beast hits you. The ice beast freezes you!
* * * LOW HITPOINT WARNING * * *
You block the ice beast's attack.
You barely miss the ice beast.
The ice beast is heavily wounded.
You hit the ice beast but do no damage.
The ice beast hits you but does no damage.
The ice beast completely misses you. The ice beast closely misses you.
You hit the ice beast but do no damage.
The ice beast is heavily wounded.
You slash the ice beast! The ice beast completely misses you.
The ice beast hits you but does no damage.
You slash the ice beast!
You kill the ice beast!
The ice beast disappears in a puff of smoke!
You hit the ice beast. The ice beast barely misses you.
You slash the ice beast!
The ice beast is almost dead.
The ice beast hits you.
* * * LOW HITPOINT WARNING * * *
The ice beast freezes you!
You die...

########.###.#
#.####..)..
#..........#.#
#.#....####
#.######.#.#.#
#.#.######
#........#.#.#
#.#......#
##########.#.#
#.#....#.#
########.#.####.##.#.#.#
≈≈.....⌠.#......##.#.#.#
≈≈.....Y§#########)#.#.#
8≈......@..).).))..#.#.#
≈≈....§.############.#.#
≈≈.....⌠# #......#.#
######### #.######.##
#.# #... #.# #### #.#
#<# ###


You could see an ice beast (summoned).

Vanquished Creatures
  Pikel (D:5)
  A kobold demonologist (D:7)
  2 wyverns (D:8)
  Sigmund (D:4)
  8 yaks
  Edmund (D:5)
  Menkaure (D:4)
  A steam dragon (D:8)
  3 water moccasins (D:8)
  3 sky beasts
  2 black bears (D:6)
  4 ogres
  5 wolves (D:8)
  A phantom (Temple)
  A lemure (D:5)
  2 kobold brigands
  2 bullfrogs
  A gnoll sergeant (D:7)
  4 scorpions
  5 wights (D:7)
  3 centaur zombies (Ossuary)
  2 hounds
  3 jellies
  3 iguanas
  7 orc wizards
  6 mummies
  11 adders
  11 gnolls
  2 white imps
  A worm (D:3)
  4 dart slugs
  18 orcs
  8 ball pythons
  4 endoplasms
  2 giant cockroaches
  6 goblins
  8 hobgoblins
  4 quokkas
  6 bats
  4 frilled lizards
  A goblin zombie (D:6)
  4 hobgoblin zombies
  17 kobolds
  3 rats
187 creatures vanquished.

Vanquished Creatures (others)
  A bush (D:8)
  5 fungi (D:8)
  24 plants
  A withered plant (D:4)
31 creatures vanquished.

Grand Total: 218 creatures vanquished

Notes
Turn   | Place    | Note
-------+----------+-------------------------------------------
     0 | D:1      | Demos the Gnoll Arcane Marksman began the quest for the
                  | Orb.
     0 | D:1      | Reached XP level 1. HP: 17/17 MP: 4/4
   110 | D:1      | Found a faded altar of an unknown god.
   123 | D:1      | Reached XP level 2. HP: 20/23 MP: 5/5
   200 | D:1      | Prayed at the altar of an unknown god.
   200 | D:1      | Became a worshipper of the Shining One
   200 | D:1      | Reached * piety under the Shining One
   574 | D:1      | Reached XP level 3. HP: 28/28 MP: 7/7
   825 | D:2      | Found an opulent altar of Gozag.
   900 | D:2      | Reached skill level 1 in Invocations
   937 | D:2      | Reached skill level 1 in Short Blades
   937 | D:2      | Reached skill level 1 in Long Blades
   937 | D:2      | Reached skill level 1 in Axes
   937 | D:2      | Reached skill level 1 in Maces & Flails
   937 | D:2      | Reached skill level 1 in Polearms
   937 | D:2      | Reached skill level 1 in Staves
   937 | D:2      | Reached skill level 1 in Throwing
   937 | D:2      | Reached skill level 1 in Armour
   937 | D:2      | Reached skill level 1 in Stealth
   937 | D:2      | Reached skill level 1 in Shields
   937 | D:2      | Reached skill level 1 in Unarmed Combat
   937 | D:2      | Reached skill level 1 in Evocations
  1271 | D:2      | Reached XP level 4. HP: 24/34 MP: 8/8
  1277 | D:2      | Reached skill level 1 in Conjurations
  1277 | D:2      | Reached skill level 1 in Summonings
  1277 | D:2      | Reached skill level 1 in Necromancy
  1277 | D:2      | Reached skill level 1 in Translocations
  1277 | D:2      | Reached skill level 1 in Transmutations
  1277 | D:2      | Reached skill level 1 in Fire Magic
  1277 | D:2      | Reached skill level 1 in Ice Magic
  1277 | D:2      | Reached skill level 1 in Air Magic
  1277 | D:2      | Reached skill level 1 in Earth Magic
  1277 | D:2      | Reached skill level 1 in Poison Magic
  1669 | D:2      | Learned a level 3 spell: Portal Projectile
  1921 | D:3      | Reached XP level 5. HP: 40/40 MP: 9/9
  2128 | D:3      | Noticed an ogre
  2175 | D:3      | Killed an ogre
  2176 | D:3      | Reached XP level 6. HP: 47/47 MP: 9/11
  2279 | D:4      | Found a staircase to the Ecumenical Temple.
  2301 | Temple   | Entered the Ecumenical Temple
  2489 | D:4      | Reached skill level 5 in Ranged Weapons
  2489 | D:4      | Reached skill level 5 in Dodging
  2505 | D:4      | Reached ** piety under the Shining One
  2708 | D:4      | Found an ancient bone altar of Kikubaaqudgha.
  2724 | D:4      | Reached XP level 7. HP: 19/52 MP: 12/12
  3029 | D:4      | Noticed Menkaure
  3042 | D:4      | Killed Menkaure
  3512 | D:4      | Identified the +2 robe of Cowardice {rElec rF++ Int-5}
  3621 | D:4      | Noticed Sigmund
  3646 | D:4      | Killed Sigmund
  3804 | D:5      | Entered Level 5 of the Dungeon
  3806 | D:5      | Identified the ring of Eqoy {rC- rN+ rCorr Str+7 Dex+3}
  4022 | D:5      | Reached XP level 8. HP: 56/60 MP: 14/14
  4069 | D:5      | Noticed Edmund
  4103 | D:5      | Killed Edmund
  4247 | D:5      | Noticed Pikel
  4265 | D:5      | Killed Pikel
  4613 | D:5      | Found a snail-covered altar of Cheibriados.
  4654 | D:5      | Reached XP level 9. HP: 33/66 MP: 16/16
  4979 | D:6      | Found a sand-covered staircase.
  4987 | Ossuary  | Entered an ossuary
  5013 | Ossuary  | Reached skill level 5 in Spellcasting
  5028 | Ossuary  | Reached *** piety under the Shining One
  5604 | D:6      | Reached skill level 5 in Fighting
  5917 | D:6      | Found a hide-covered altar of Uskayaw.
  6135 | D:6      | Learned a level 2 spell: Ensorcelled Hibernation
  6139 | D:6      | Learned a level 3 spell: Inner Flame
  6144 | D:6      | Learned a level 4 spell: Cause Fear
  6634 | D:7      | Reached skill level 5 in Invocations
  6725 | D:7      | Found a stormy altar of Qazlal.
  7442 | D:7      | Reached skill level 5 in Short Blades
  7442 | D:7      | Reached skill level 5 in Long Blades
  7442 | D:7      | Reached skill level 5 in Axes
  7442 | D:7      | Reached skill level 5 in Maces & Flails
  7442 | D:7      | Reached skill level 5 in Polearms
  7442 | D:7      | Reached skill level 5 in Staves
  7442 | D:7      | Reached skill level 5 in Throwing
  7442 | D:7      | Reached skill level 5 in Armour
  7442 | D:7      | Reached skill level 5 in Stealth
  7442 | D:7      | Reached skill level 5 in Shields
  7442 | D:7      | Reached skill level 5 in Unarmed Combat
  7442 | D:7      | Reached skill level 5 in Evocations
  7442 | D:7      | Reached XP level 10. HP: 64/76 MP: 18/18
  7794 | D:7      | Noticed a kobold demonologist
  7798 | D:7      | Killed a kobold demonologist
  8323 | D:8      | Reached **** piety under the Shining One
  8674 | D:8      | Found a sacrificial altar of Ru.
  9094 | D:8      | Noticed an ice statue
  9831 | D:8      | Found a staircase to the Lair.
 10722 | D:8      | Slain by an ice beast

Illustrated notes

Levels and vault maps discovered:
D:1:      minmay_arrival_four_loops, layout_loops_cross,
          chequers_ecumenical_altar_simple_redux
D:2:      layout_basic, basic_altar
D:3:      layout_rooms
D:4:      layout_rooms, kiku_gazebo_garden_becter, minmay_temple_entry_arrows,
          serial_curves, eino_curves_04, eino_curves_03, uniq_sigmund,
          uniq_menkaure
D:5:      layout_rooms, old_standard_altar, minmay_misc_feat_four_crosses,
          uniq_edmund, uniq_pikel
D:6:      layout_cave_pools, mainiacjoe_overflow_chevrons,
          nicolae_ossuary_entry_giza, dk_noncrumbling_2
D:7:      layout_loops_corners, mainiacjoe_overflow_small_starburst
D:8:      lemuel_ice_statue, layout_basic, mainiacjoe_overflow_boulevard,
          minmay_lair_entry_grove
Temple:   nicolae_temple_bog_church

Skill      XL: |  1  2  3  4  5  6  7  8  9 10 |
---------------+-------------------------------+-----
Invocations    | 1 2 3 4 5 6 |  6.4
Short Blades   | 1 2 3 5 |  5.8
Long Blades    | 1 2 3 5 |  5.8
Axes           | 1 2 3 5 |  5.8
Maces & Flails | 1 2 3 5 |  5.8
Polearms       | 1 2 3 5 |  5.8
Staves         | 1 2 3 5 |  5.8
Throwing       | 1 2 3 5 |  5.8
Armour         | 1 2 3 5 |  5.8
Stealth        | 1 2 3 5 |  5.8
Shields        | 1 2 3 5 |  5.8
Unarmed Combat | 1 2 3 5 |  5.8
Evocations     | 1 2 3 5 |  5.8
Spellcasting   | 3 4 5 6 |  6.5
Conjurations   | 1 2 3 4 |  4.8
Summonings     | 1 2 3 4 |  4.8
Necromancy     | 1 2 3 4 |  4.8
Translocations | 1 2 3 4 |  4.8
Transmutations | 1 2 3 4 |  4.8
Fire Magic     | 1 2 3 4 |  4.8
Ice Magic      | 1 2 3 4 |  4.8
Air Magic      | 1 2 3 4 |  4.8
Earth Magic    | 1 2 3 4 |  4.8
Poison Magic   | 1 2 3 4 |  4.8
Fighting       | 3 4 5 6 |  6.4
Ranged Weapons | 5 6 7 |  7.5
Dodging        | 5 6 7 |  7.5
Hexes          | 6 7 |  7.4

Action                   |  1- 3 |  4- 6 |  7- 9 | 10-12 || total
-------------------------+-------+-------+-------+-------++-------
Melee: Broad axe         |       |       |       |    33 ||    33
       Punch             |       |       |       |     3 ||     3
       Bite              |       |       |       |     2 ||     2
 Fire: Sling             |    76 |   166 |   468 |   348 ||  1058
Throw: Dart              |       |     1 |       |       ||     1
 Cast: Slow              |     1 |     2 |     3 |       ||     6
       Portal Projectile |       |       |       |     2 ||     2
Evoke: Wand              |       |     1 |    19 |     3 ||    23
  Use: Scroll            |       |       |     7 |     5 ||    12
       Potion            |       |       |     1 |     3 ||     4
Armor: Leather armour    |     7 |       |       |       ||     7
       Robe              |     1 |     6 |    71 |    50 ||   128
       Ring mail         |    11 |       |       |       ||    11
       Chain mail        |     9 |    25 |       |       ||    34
Dodge: Dodged            |    18 |    35 |   253 |   164 ||   470
Block: Other             |     2 |    22 |    76 |    56 ||   156
       Reflection        |       |     2 |       |     4 ||     6
